 Dungeon Crawl Stone Soup version 0.29.0-3-gbb0933ed62 (webtiles) character file.

Game seed: 10745906165584736755

76 sking99 the Digger (level 4, -9/33 HPs)
             Began as a Draconian Earth Elementalist on Aug 25, 2022.
             Killed by nerve-wracking pain
             ... invoked by an orc priest
              (12 damage)
             ... on level 3 of the Dungeon.
             The game lasted 00:04:12 (2464 turns).

sking99 the Digger (Draconian Earth Elementalist)   Turns: 2464, Time: 00:04:13

Health: -9/33      AC:  5    Str: 11    XL:     4   Next: 12%
Magic:  5/7        EV: 12    Int: 17    God:
Gold:   104        SH:  0    Dex: 11    Spells: 2/8 levels left

rFire   . . .      SeeInvis .   c - +0 mace
rCold   . . .      Faith    .   (no shield)
rNeg    . . .      Spirit   .   (body armour unavailable)
rPois   .          Reflect  .   (helmet restricted)
rElec   .          Harm     .   (no cloak)
rCorr   .          Rampage  .   (no gloves)
Will    .....                   (no boots)
Stlth   ++........              (no amulet)
HPRegen 0.11/turn               (no ring)
MPRegen 0.10/turn               (no ring)

@: no status effects
A: AC +5, unfitting armour, cold-blooded
a: no special abilities


You were on level 3 of the Dungeon.
You visited 1 branch of the dungeon, and saw 3 of its levels.

You collected 104 gold pieces.

Inventory:

Hand Weapons
 c - a +0 mace (weapon)
Scrolls
 b - 2 scrolls of teleportation {unknown}
 d - a scroll of brand weapon {unknown}
 e - 3 scrolls of identify {unknown}
 i - a scroll of immolation {unknown}
 j - 2 scrolls of blinking {unknown}
Potions
 a - 3 potions of magic
 f - a potion of attraction {unknown}
 g - a potion of heal wounds {unknown}
 h - 2 potions of curing {unknown}


   Skills:
 - Level 1.7 Dodging
 - Level 1.7 Stealth
 + Level 2.5 Spellcasting
 * Level 1.2 Conjurations
 - Level 2.0 Transmutations
 * Level 3.9 Earth Magic


You had 2 spell levels left.
You knew the following spells:

 Your Spells              Type           Power      Damage    Failure   Level
a - Sandblast             Erth           30%        2d9       3%          1
b - Passwall              Tmut/Erth      10%        N/A       9%          2
c - Stone Arrow           Conj/Erth      22%        3d8       19%         3

Your spell library contained the following spells:

 Spells                   Type           Power      Damage    Failure   Level
 Ensorcelled Hibernation  Hex/Ice        4%         N/A       28%         2
 Spider Form              Tmut/Pois      5%         N/A       36%         3
 Petrify                  Tmut/Erth      12%        N/A       47%         4
 Anguish                  Hex/Necr       1%         N/A       88%         4
 Olgreb's Toxic Radiance  Pois           2%         N/A       88%         4
 Ozocubu's Refrigeration  Ice            1%         4d7       100%        7
 Ignition                 Fire           1%         3d3       100%        8


Dungeon Overview and Level Annotations

Branches:
Dungeon (3/15)

Altars:

Annotations:
D:3 1 transporter


Innate Abilities, Weirdness & Mutations

Your plain brown scales are hard. (AC +5)
You cannot fit into any form of body armour.
You are cold-blooded and may be slowed by cold attacks.


Message History

Aim: an orc, wielding a +0 hand axe and wearing a +0 leather armour (82% to hit)
The blast of sand hits the orc but does no damage.
The orc priest shouts!
You hear a shout! x2
An orc comes into view. It is wielding a +0 club.
Casting: Sandblast (safe; 3% risk of failure)
Confirm with . or Enter, or press ? or * to list all spells.
Aiming: Sandblast (safe; 3% risk of failure)
Press: ? - help, Shift-Dir - straight line, f/p - orc
Aim: an orc, wielding a +0 hand axe and wearing a +0 leather armour (82% to hit)
The blast of sand misses the orc.
The blast of sand hits the orc priest.
The orc priest is lightly wounded.
An orc comes into view. It is wielding a +0 falchion.
The orc closely misses you.
Casting: Sandblast (safe; 3% risk of failure)
Confirm with . or Enter, or press ? or * to list all spells.
Aiming: Passwall (safe; 9% risk of failure)
Press: ? - help, Dir - move target, f - you, p - orc Please select a wall.
Okay, then.
A goblin comes into view. It is wielding a +0 club.
The orc attacks as you move away! The orc closely misses you.
You closely miss the goblin. The orc closely misses you.
The goblin hits you but does no damage.
You hit the goblin.
The goblin is severely wounded.
The orc closely misses you.
The orc priest hits you with a +2 vorpal flail!
The goblin hits you but does no damage.
The orc priest mumbles some strange prayers to Beogh against you.
Beogh smites you!
* * * LOW HITPOINT WARNING * * *
The goblin hits you with a +0 club.
* * * LOW HITPOINT WARNING * * *
The orc hits you with a +0 hand axe.
* * * LOW HITPOINT WARNING * * *
You hit the goblin.
You kill the goblin!
The orc priest mumbles some strange prayers to Beogh against you.
Pain shoots through your body!
You die...

......#....##
#.#~..=..~#..#
#..#.#####.######
#.####+####... ...#.#
#.##... ..#o≈...≈o#...
...#.#####.##.#
#..#.≈...≈5#...
...#..........##
..#5≈~~~≈
#>.............####..#
#...######...........#
#...# ####....[.)#
....# #....###.o@#
#.#.# #....# ##o.#
#.#.# #....# #.o#
#.#.# #....# ##o#
..#.# #....# #.#
#....# #.# #....# #.)
#..... ... ...


You could see an orc priest and 3 orcs.

Vanquished Creatures
  An adder (D:2)
  3 worms (D:2)
  2 dart slugs (D:1)
  An orc (D:3)
  5 bats
  2 endoplasms (D:2)
  5 giant cockroaches
  2 goblins
  7 hobgoblins
  2 jackals (D:1)
  3 kobolds
  3 quokkas
  9 ball pythons
  2 rats (D:2)
47 creatures vanquished.

Notes
Turn   | Place    | Note
-------+----------+-------------------------------------------
     0 | D:1      | sking99 the Draconian Earth Elementalist began the quest
                  | for the Orb.
     0 | D:1      | Reached XP level 1. HP: 14/14 MP: 3/3
   424 | D:1      | Reached XP level 2. HP: 20/20 MP: 3/5
  1107 | D:1      | Learned a level 2 spell: Passwall
  1210 | D:2      | Reached XP level 3. HP: 26/26 MP: 4/6
  1284 | D:2      | Learned a level 3 spell: Stone Arrow
  1752 | D:2      | Reached skill level 1 in Conjurations
  1900 | D:2      | Reached XP level 4. HP: 33/33 MP: 5/7
  2404 | D:3      | Found a transporter.
  2425 | D:3      | Found a faded altar of an unknown god.
  2464 | D:3      | Killed from afar by an orc priest

Illustrated notes

Levels and vault maps discovered:
D:1:      eino_arrival_tree_alley, layout_basic
D:2:      layout_basic
D:3:      gammafunk_wand_slinger, layout_basic,
          chequers_ecumenical_altar_simple, serial_shops, shop, minmay_vboxes

Skill      XL: |  1  2  3 |
---------------+----------+-----
Transmutations | 2 |  2.0
Conjurations   | 1 |  1.2
Dodging        | |  1.7
Stealth        | |  1.7
Spellcasting   | |  2.5
Earth Magic    | |  3.9

Action                   |  1- 3 |  4- 6 || total
-------------------------+-------+-------++-------
Melee: Mace              |     7 |     3 ||    10
       Tailslap          |     2 |       ||     2
 Cast: Sandblast         |    61 |     8 ||    69
Armor: Skin              |     7 |     2 ||     9
Dodge: Dodged            |    15 |     6 ||    21
